 Dungeon Crawl Stone Soup version 0.18.1-6-gd335043 (webtiles) character file.

6384 lightmor the Grappler (level 10, -8/78 HPs)
             Began as a Naga Transmuter on May 17, 2016.
             Was a High Priest of Cheibriados.
             Mangled by a catoblepas (14 damage)
             ... on level 10 of the Dungeon.
             The game lasted 00:38:03 (14376 turns).

lightmor the Grappler (Naga Transmuter)            Turns: 14376, Time: 00:38:04

Health: -8/78      AC: 12    Str: 31    XL:     10   Next: 97%
Magic:  19/23      EV: 10    Int: 27    God:    Cheibriados [*****.]
Gold:   548        SH:  6    Dex: 23    Spells: 4 memorised, 3 levels left

rFire  . . .     SeeInvis +       - Unarmed
rCold  . . .     Gourm    +     C - +3 troll leather armour
rNeg   + . .     Faith    .     L - +0 buckler "Furufredd" {rN+ Str+4 Slay+3} (curse)
rPois  +         Spirit   .     m - +0 helmet
rElec  .         Dismiss  .     N - +0 cloak
rCorr  +         Reflect  .     y - +0 pair of gloves
SustAt .         Harm     .     (no barding)
MR     +....                    i - amulet of the gourmand
Stlth  +++++.....               D - ring of resist corrosion
                                r - ring of magical power (curse)

@: very slow, somewhat resistant to hostile enchantments, quite stealthy
A: see invisible, deformed body, poison resistance, slowness 2, slow metabolism
1, spit poison 2, AC +3
a: Spit Poison, Bend Time, Temporal Distortion, Slouch, Step From Time, Renounce
Religion


You were on level 10 of the Dungeon.
You worshipped Cheibriados.
Cheibriados was extremely pleased with you.
You were completely stuffed.

You visited 1 branch of the dungeon, and saw 10 of its levels.
You also visited: Sewer.

You collected 638 gold pieces.
You spent 90 gold pieces at shops.

Inventory:

Missiles
 F - 77 arrows
Armour
 m - a +0 helmet (worn)
 v - a +1 robe of cold resistance
 y - a +0 pair of gloves (worn)
 C - a +3 troll leather armour (worn)
 L - the cursed +0 buckler "Furufredd" (worn) {rN+ Str+4 Slay+3}
   (You found it on level 8 of the Dungeon)

   It affects your strength (+4).
   It affects your accuracy and damage with ranged weapons and melee attacks
   (+3).
   It protects you from negative energy.
   It has a curse placed upon it.
 N - a +0 cloak (worn)
Magical Staves
 I - an uncursed staff of earth
 M - an uncursed staff of power
Jewellery
 e - an uncursed amulet of guardian spirit
 i - an amulet of the gourmand (around neck)
 r - a cursed ring of magical power (left hand)
 D - a ring of resist corrosion (right hand)
 O - a cursed amulet of inaccuracy {unknown}
Wands
 p - a wand of flame (31/48)
 w - a wand of flame (16/48)
 K - a wand of lightning (1/15)
Scrolls
 f - 4 scrolls of recharging
 j - 7 scrolls of remove curse
 o - a scroll of immolation
 t - 3 scrolls of blinking
 u - 3 scrolls of teleportation
Potions
 g - 2 potions of cancellation
 q - 2 potions of might
 x - 4 potions of brilliance
 z - a potion of mutation {unknown}
 A - 2 potions of flight
 E - 2 potions of curing
 H - 2 potions of lignification
 J - a potion of haste
Books
 b - a book of Annihilations

   Spells                             Type                      Level
   a - Poison Arrow                   Conjuration/Poison           6
   b - Chain Lightning                Conjuration/Air              8
   c - Lehudib's Crystal Spear        Conjuration/Earth            8
   d - Glaciate                       Conjuration/Ice              9
   e - Fire Storm                     Conjuration/Fire             9
 c - a book of Changes

   Spells                             Type                      Level
   a - Beastly Appendage              Transmutation                1
   b - Sticks to Snakes               Transmutation                2
   c - Spider Form                    Transmutation/Poison         3
   d - Ice Form                       Ice/Transmutation            4
   e - Blade Hands                    Transmutation                5
 h - a book of Dreams

   Spells                             Type                      Level
   a - Ensorcelled Hibernation        Hexes/Ice                    2
   b - Silence                        Hexes/Air                    5
   c - Darkness                       Hexes                        6
   d - Shadow Creatures               Summoning                    6
 B - an Akashic Record

   Spells                             Type                      Level
   a - Dispersal                      Translocation                6
   b - Malign Gateway                 Summoning/Translocation      7
   c - Disjunction                    Translocation                8
   d - Controlled Blink               Translocation                8
Comestibles
 a - 8 beef jerkies
 d - 9 bread rations
 k - a royal jelly
 l - 8 chunks of flesh
 n - 5 fruits
 s - 2 meat rations
 G - 9 slices of pizza


   Skills:
 - Level 1.0 Fighting
 * Level 2.4 Armour
 - Level 1.5 Dodging
 - Level 10.1 Stealth
 - Level 2.4 Shields
 * Level 12.2 Unarmed Combat
 - Level 2.0 Spellcasting
 + Level 5.3 Transmutations
 * Level 5.5 Invocations


You had 3 spell levels left.
You knew the following spells:

 Your Spells              Type           Power        Failure   Level  Hunger
a - Beastly Appendage     Trmt           ####..       1%          1    None
b - Sticks to Snakes      Trmt           ####....     1%          2    ##.....
c - Spider Form           Trmt/Pois      ###.......   12%         3    ###....
d - Ice Form              Ice/Trmt       ###.....     38%         4    ####...


Dungeon Overview and Level Annotations

Branches:
Dungeon (10/15)              Lair (0/8) D:10            Orc (0/2) D:9
 Temple: D:4-7

Altars:
Ashenzari
Cheibriados
Fedhas
Kikubaaqudgha
Nemelex Xobeh
Okawaru
Pakellas
Qazlal
Ru
Vehumet
Xom
Yredelemnul
Zin
The Shining One

Shops:
D:7 }   D:10 [

Annotations:
D:3 dadoka's ghost, amateur FoFi


Innate Abilities, Weirdness & Mutations

You cannot wear boots.
Your serpentine skin is tough (AC +3).
You have supernaturally acute eyesight.
Armour fits poorly on your strangely shaped body.
Your system is resistant to poisons.
You cover ground very slowly.
You have a slow metabolism.
You can spit poison.


Message History

The catoblepas gores you but does no damage.
You hit the catoblepas.
The catoblepas is almost dead.
The catoblepas barely misses you.
You punch the catoblepas!
The catoblepas is almost dead.
You hit the catoblepas but do no damage.
The catoblepas is almost dead.
The catoblepas gores you!
* * * LOW HITPOINT WARNING * * *
You barely miss the catoblepas.
The catoblepas is almost dead.
The catoblepas breathes a plume of calcifying dust at you.
The blast of calcifying dust hits you! The catoblepas gores you.
* * * LOW HITPOINT WARNING * * *
The catoblepas breathes a plume of calcifying dust at you.
The blast of calcifying dust hits you! You block the catoblepas's attack.
You block the catoblepas's attack. The catoblepas gores you!
You die...

#.#.##...##..
#......
......#..........
.######..........
###........
#.####.## #.# #
### #)# .... #)#
#########
#.####@.......
#..§§§Y#######
##...§.......
.....######..##
####### .# .....
.###


You could see a catoblepas.

Vanquished Creatures
  3 trolls (D:9)
  A two-headed ogre (D:10)
  2 yaks (D:7)
  A vampire (D:10)
  A wraith (D:6)
  A hungry ghost (D:8)
  A human (D:7)
  Edmund (D:5)
  A water moccasin (D:9)
  A sky beast (D:8)
  A black bear (D:7)
  4 orc warriors
  A swamp drake (D:9)
  A phantom (D:4)
  7 ogres
  4 ice beasts
  2 centaurs
  2 big kobolds
  3 giant frogs
  3 scorpions
  4 wights (D:7)
  3 howler monkeys
  A crimson imp (D:3)
  A jelly (D:9)
  A centaur zombie (D:6)
  A giant frog zombie (D:8)
  7 orc wizards
  4 orc priests
  2 gnoll shamans
  5 hounds
  A centaur skeleton (D:6)
  6 iguanas
  6 worker ants
  2 killer bee zombies
  2 sheep (D:7)
  A hound zombie (D:8)
  A hound skeleton (D:4)
  A howler monkey zombie (D:7)
  2 worker ant zombies
  Robin (D:3)
  11 gnolls
  15 adders
  2 river rats (Sewer)
  4 shadow imps
  2 oozes
  An adder skeleton (D:5)
  9 worms
  5 dart slugs
  11 giant geckos
  43 orcs
  10 ball pythons
  12 giant cockroaches
  6 hobgoblins
  10 jackals
  25 kobolds
  9 quokkas
  6 bats
  2 giant gecko skeletons (D:7)
  5 giant newts
  17 goblins
  6 rats
304 creatures vanquished.

Vanquished Creatures (collateral kills)
  A hippogriff (D:8)
  An orc warrior (D:8)
  An ogre (D:8)
  An adder (D:2)
  A gnoll (D:8)
  A goblin (D:2)
6 creatures vanquished.

Grand Total: 310 creatures vanquished

Notes
Turn   | Place    | Note
--------------------------------------------------------------
     0 | D:1      | lightmor the Naga Transmuter began the quest for the Orb.
     0 | D:1      | Reached XP level 1. HP: 18/18 MP: 3/3
   277 | D:1      | Reached XP level 2. HP: 23/25 MP: 5/5
   282 | D:1      | Learned a level 2 spell: Sticks to Snakes
   622 | D:1      | Reached skill level 4 in Unarmed Combat
   716 | D:1      | Reached XP level 3. HP: 16/31 MP: 3/6
  1314 | D:2      | Reached XP level 4. HP: 36/38 MP: 2/7
  1439 | D:2      | Reached skill level 5 in Unarmed Combat
  2092 | D:2      | Reached XP level 5. HP: 44/44 MP: 8/8
  2144 | D:3      | Noticed dadoka's ghost (amateur FoFi)
  2629 | D:3      | Reached skill level 6 in Unarmed Combat
  2936 | D:3      | Reached skill level 1 in Stealth
  2947 | D:3      | Reached XP level 6. HP: 17/51 MP: 0/9
  2949 | D:3      | Noticed Robin
  2955 | D:3      | Killed Robin
  3249 | D:3      | Found a stormy altar of Qazlal.
  3266 | D:3      | Found a blossoming altar of Fedhas.
  3356 | D:3      | Found a shimmering altar of Xom.
  3361 | D:3      | Learned a level 3 spell: Spider Form
  3609 | D:3      | Found a shattered altar of Ashenzari.
  3612 | D:3      | Found an ancient bone altar of Kikubaaqudgha.
  3755 | D:4      | Reached skill level 7 in Unarmed Combat
  4043 | D:4      | Reached XP level 7. HP: 55/57 MP: 10/10
  4064 | D:4      | Found a glowing drain.
  4094 | Sewer    | Entered a sewer
  4620 | Sewer    | Learned a level 4 spell: Ice Form
  5032 | D:4      | Reached skill level 5 in Stealth
  5477 | D:4      | Reached skill level 8 in Unarmed Combat
  5876 | D:4      | Reached XP level 8. HP: 12/64 MP: 11/11
  6142 | D:5      | Entered Level 5 of the Dungeon
  6569 | D:5      | Found a sparkling altar of Nemelex Xobeh.
  6577 | D:5      | Found a snail-covered altar of Cheibriados.
  6578 | D:5      | Noticed Edmund
  6626 | D:5      | Killed Edmund
  6626 | D:5      | Reached skill level 9 in Unarmed Combat
  6634 | D:5      | Became a worshipper of Cheibriados the Contemplative
  7278 | D:6      | Found a glowing golden altar of the Shining One.
  8148 | D:6      | Noticed a wraith
  8165 | D:6      | Killed a wraith
  8165 | D:6      | Reached * piety under Cheibriados
  8168 | D:6      | Reached skill level 10 in Unarmed Combat
  8168 | D:6      | Reached XP level 9. HP: 43/70 MP: 12/12
  9011 | D:7      | Found Cotodiy's Gadget Shop.
  9032 | D:7      | Found a radiant altar of Vehumet.
  9106 | D:7      | Reached skill level 1 in Invocations
  9576 | D:7      | Found an iron altar of Okawaru.
  9712 | D:7      | Reached ** piety under Cheibriados
  9724 | D:7      | Reached skill level 10 in Stealth
 10464 | D:7      | Reached skill level 11 in Unarmed Combat
 10825 | D:8      | Reached XP level 10. HP: 39/78 MP: 7/13
 11159 | D:8      | Reached *** piety under Cheibriados
 12242 | D:8      | Found a glowing silver altar of Zin.
 12414 | D:8      | Got a jewelled buckler
 12420 | D:8      | Identified the cursed +0 buckler "Furufredd" {rN+ Str+4 Slay+3} (You found it on level 8 of the Dungeon)
 12479 | D:9      | Reached **** piety under Cheibriados
 12832 | D:8      | Reached skill level 1 in Shields
 13297 | D:9      | Found a basalt altar of Yredelemnul.
 13298 | D:9      | Found a sacrificial altar of Ru.
 13386 | D:9      | Reached ***** piety under Cheibriados
 13394 | D:9      | Reached skill level 1 in Armour
 13394 | D:9      | Reached skill level 12 in Unarmed Combat
 13450 | D:9      | Reached skill level 5 in Transmutations
 13571 | D:9      | Found a staircase to the Orcish Mines.
 13603 | D:9      | Reached skill level 5 in Invocations
 13694 | D:9      | Found an oddly glowing altar of Pakellas.
 13753 | D:10     | Entered Level 10 of the Dungeon
 13892 | D:10     | Found Ygiucim's Armour Shop.
 13915 | D:10     | Bought a +0 helmet for 45 gold pieces
 13920 | D:10     | Bought a +0 cloak for 45 gold pieces
 14138 | D:10     | Found a staircase to the Lair.
 14354 | D:10     | Noticed a catoblepas
 14376 | D:10     | Mangled by a catoblepas

Skill      XL: |  1  2  3  4  5  6  7  8  9 10 |
---------------+-------------------------------+-----
Unarmed Combat | 4 5 6 7 8 10 11 12 | 12.2
Stealth        | 1 3 6 9 10 | 10.1
Invocations    | 3 5 |  5.5
Transmutations | 4 5 |  5.3
Shields        | 2 |  2.4
Armour         | 2 |  2.4
Fighting       | |  1.0
Dodging        | |  1.5
Spellcasting   | |  2.0

Action                   |  1- 3 |  4- 6 |  7- 9 | 10-12 || total
-------------------------+-------+-------+-------+-------++-------
Melee: Unarmed           |   102 |   207 |   477 |   258 ||  1044
       Punch             |     1 |     3 |    18 |     9 ||    31
 Cast: Sticks to Snakes  |     2 |    10 |    12 |    11 ||    35
       Spider Form       |       |       |     3 |       ||     3
Invok: Slouch            |       |       |       |     1 ||     1
 Abil: Spit Poison       |    16 |    46 |    60 |    36 ||   158
Evoke: Wand              |       |       |       |     1 ||     1
  Use: Scroll            |     2 |     5 |     7 |     6 ||    20
       Potion            |       |     3 |     3 |       ||     6
 Stab: Sleeping          |       |     2 |    13 |     1 ||    16
       Distracted        |       |       |     1 |     2 ||     3
  Eat: Chunk             |     1 |    17 |    23 |    15 ||    56
Armor: Robe              |    31 |    35 |   108 |    38 ||   212
       Skin              |       |    39 |     1 |     1 ||    41
       Troll leather arm |       |       |       |    47 ||    47
Dodge: Dodged            |    69 |    96 |   191 |   105 ||   461
Block: Buckler           |       |       |       |    35 ||    35
